[Event "Early-Titled-Tuesday-Blitz-October-24-2023"]
[Site "Chess.com"]
[Date "2023.10.24"]
[Round "1"]
[White "krzyzan94"]
[Black "Kostukov_Alex"]
[Result "1-0"]
[WhiteElo "2771"]
[BlackElo "2418"]
[TimeControl "180+1"]
[EndTime "8:06:28 PDT"]
[Termination "krzyzan94 won by resignation"]

1. e4 c5 2. Nf3 g6 3. Bc4 Bg7 4. c3 e6 5. d4 cxd4 6. O-O d5 7.
exd5 exd5 8. Bb5+ Nc6 9. Nxd4 Ne7 10. Bg5 f6 11. Re1 Kf7 12. Be3 Re8 13. Nd2 Bd7 14.
N2f3 Ne5 15. Qb3 Nxf3+ 16. Nxf3 Bc6 17. Rad1 Qd7 18. Nd4 a6 19. Be2 Ba4 20. Qb6 Bxd1 21. Rxd1 Nc6 22. Nb3 Rad8 23. Nc5 Qe7 24. Nxb7 Rb8 25.
Bxa6 Nd8 26. Nd6+ Kg8 27. Qxb8 Nc6 28. Qxe8+ 1-0

[Event "Early-Titled-Tuesday-Blitz-October-24-2023"]
[Site "Chess.com"]
[Date "2023.10.24"]
[Round "1"]
[White "DavidLana1987"]
[Black "PenguiinQueen"]
[Result "1-0"]
[WhiteElo "2573"]
[BlackElo "2210"]
[TimeControl "180+1"]
[EndTime "8:06:28 PDT"]
[Termination "DavidLana1987 won by checkmate"]

1. e4 e5 2. Nf3 Nc6 3. Bb5 a6 4. Bxc6 dxc6 5. O-O Bg4 6. h3 h5 7. d3 Qf6 8. Be3 Bxf3 9. Qxf3 Qxf3 10. gxf3 c5 11. f4 exf4 12. Bxf4 O-O-O 13. Nc3 Bd6 14. Bxd6 cxd6 15. Nd5 Rh6 16. f4 Nf6 17. Ne7+ Kd7 18. Nf5 Rg6+ 19. Kh2 Ne8 20. Rg1 Rxg1 21. Rxg1 g6 22. Ne3 Nf6 23. f5 Rg8 24. fxg6 fxg6 25. Rf1 Ke6 26. Kg3 b5 27. Kh4 g5+ 28. Kg3 c4 29. Rf5 cxd3 30. cxd3 Rg6 31. Kf3 Nd7 32. Nd5 Ne5+ 33. Ke3 Kd7 34. a3 h4 35. Nf6+ Ke6 36.
Nd5 Kd7 37. Ke2 g4 38. d4 Nc6 39. Ke3 gxh3 40. Rf7+ Ke8 41. Rh7 Rg3+ 42. Kf4 Nxd4 43. Rxh4 Ne2+ 44. Kf5 Kf7 45. Rh7+ Kg8 46. Nf6+ Kf8 47.
Ke6 Nf4+ 48. Kxd6 Ng6 49. e5 Re3 50. e6 Rd3+ 51. Kc6 Re3 52. Rf7# 1-0

[Event "Early-Titled-Tuesday-Blitz-October-24-2023"]
[Site "Chess.com"]
[Date "2023.10.24"]
[Round "1"]
[White "EvgenyBurmakin"]
[Black "Sadykov_Ramil"]
[Result "0-1"]
[WhiteElo "2338"]
[BlackElo "2657"]
[TimeControl "180+1"]
[EndTime "8:06:30 PDT"]
[Termination "Sadykov_Ramil won by checkmate"]

1. e4 c5 2. Nc3 g6 3. f4 Bg7 4. Nf3 d6 5. Bc4 a6 6. d3 Nc6 7. O-O Na5 8. Bb3 Nh6 9. Qe1 Nxb3 10. axb3 f5 11. Qh4 e6 12. Ng5 Nf7 13. exf5 Nxg5 14. fxg5 gxf5 15. Qh5+ Kd7 16. Bd2 Kc7 17. Qe2 Bd7 18.
Rae1 Qe8 19. Nd1 h6 20. Ba5+ b6 21. Bd2 Bd4+ 22. Kh1 hxg5 23. Bxg5 Qg6 24. Qd2 Rxh2+ 25. Kxh2 Qh5+ 26. Kg3 Qg4+ 27. Kh2 Rh8+ 28. Bh6 Qh4# 0-1

[Event "Early-Titled-Tuesday-Blitz-October-24-2023"]
[Site "Chess.com"]
[Date "2023.10.24"]
[Round "1"]
[White "djokovic74"]
[Black "amanjazu"]
[Result "1-0"]
[WhiteElo "2692"]
[BlackElo "2374"]
[TimeControl "180+1"]
[EndTime "8:06:31 PDT"]
[Termination "djokovic74 won by checkmate"]

1. c4 e5 2. Nc3 Nc6 3. Nf3 Nf6 4. g3 Bc5 5. Bg2 O-O 6. O-O d6 7. e3 Bg4 8. h3 Bh5 9. g4 Bg6 10. d4 Bb6 11. a4 a6 12. b3 Ba5 13. Bb2 exd4 14.
Nxd4 Bxc3 15. Bxc3 Be4 16. f3 Bg6 17. e4 Ne5 18. f4 Nxe4 19. Bxe4 Bxe4 20. fxe5 dxe5 21. Nf5 Qg5 22. Bd2 Qd8 23. Bb4 Bxf5 24. Bxf8 Bd3 25.
Bc5 e4 26. Be3 Qh4 27. Kg2 Rd8 28. Rf5 g6 29. Rd5 Rxd5 30. cxd5 Qd8 31. Qd2 Qxd5 32.
Qc3 Be2 33. Qd4 Bf3+ 34. Kf2 Qxb3 35. Qd8+ Kg7 36. Bd4+ Kh6 37. Qh4# 1-0

[Event "Early-Titled-Tuesday-Blitz-October-24-2023"]
[Site "Chess.com"]
[Date "2023.10.24"]
[Round "1"]
[White "Suleyman_Chess06"]
[Black "UmarovSabir"]
[Result "0-1"]
[WhiteElo "2591"]
[BlackElo "2312"]
[TimeControl "180+1"]
[EndTime "8:06:31 PDT"]
[Termination "UmarovSabir won by resignation"]

1. d4 g6 2. Nf3 Bg7 3. c4 c6 4. Nc3 d6 5. g3 f5 6. Bg2 Nf6 7. O-O O-O 8. Re1 Nbd7 9. b3 d5 10. cxd5 cxd5 11. Ne5 e6 12. Ba3 Re8 13. f4 Qa5 14. Bb2 Ne4 15. Nxe4 fxe4 16. a3 Nxe5 17. dxe5 Bd7 18. Qd4 Rec8 19. Rac1 Bf8 20. b4 Qb6 21. Qxb6 axb6 22. Kf2 Bb5 23. Ke3 Kf7 24. g4 Be7 25. Kd2 Bc4 26. Rf1 Ke8 27. Bh3 Kd7 28. e3 Bxf1 29.
Rxf1 Rc4 30. f5 Rac8 31. fxe6+ Ke8 32. Rc1 Rxc1 33. Bxc1 Bg5 34. Bb2 Ke7 35. Bg2 Kxe6 36.
Bd4 Rc4 37. Bf1 Rxd4+ 0-1

[Event "Early-Titled-Tuesday-Blitz-October-24-2023"]
[Site "Chess.com"]
[Date "2023.10.24"]
[Round "1"]
[White "DonJuanEGenaro"]
[Black "subham777"]
[Result "0-1"]
[WhiteElo "1785"]
[BlackElo "2526"]
[TimeControl "180+1"]
[EndTime "8:06:35 PDT"]
[Termination "subham777 won on time"]

1. d4 d5 2. Nf3 Nf6 3. c4 e6 4.
g3 Be7 5. Bg2 O-O 6. O-O dxc4 7.
Ne5 Nc6 8. Bxc6 bxc6 9. Nxc6 Qe8 10. Nxe7+ Qxe7 11. Nc3 c5 12. Bg5 Rd8 13. d5 Bb7 14. e4 h6 15. Bxf6 Qxf6 16. Qd2 h5 17.
Rad1 h4 18. Qf4 Qxf4 19. gxf4 exd5 20. exd5 Rd7 21. Rfe1 Rad8 22. Re5 g6 23. f5 Kg7 24. fxg6 fxg6 25. f3 Rf7 26. Kf2 Rdf8 27. Re3 g5 28. Ne4 Kg6 29. Rg1 Rf5 30. Nd6 Bxd5 31. Nxf5 Rxf5 32.
Rge1 g4 33. Rd1 Bxf3 34. Rd6+ Kg5 0-1

[Event "Early-Titled-Tuesday-Blitz-October-24-2023"]
[Site "Chess.com"]
[Date "2023.10.24"]
[Round "1"]
[White "Grandmaster1369"]
[Black "viktorgen2021"]
[Result "1-0"]
[WhiteElo "2789"]
[BlackElo "2429"]
[TimeControl "180+1"]
[EndTime "8:06:39 PDT"]
[Termination "Grandmaster1369 won by checkmate"]

1. e4 c6 2. d4 d5 3. f3 dxe4 4. fxe4 e5 5. Nf3 Bg4 6. Bc4 Nf6 7. O-O exd4 8. Bxf7+ Kxf7 9. Ne5+ Ke8 10. Nxg4 Be7 11.
Nxf6+ Bxf6 12. e5 Be7 13. Qg4 g6 14. Bh6 Qd5 15. Qc8+ Qd8 16. Qxb7 Nd7 17. Qxc6 Rc8 18. Qe6 Nc5 19. Qf7+ Kd7 20. Nd2 Kc6 21. b4 Na4 22.
Qb3 Nc3 23. Rf7 Kb7 24. Raf1 Rc7 25. Nc4 Kb8 26. Na5 Qc8 27. a3 Rd8 28. Kh1 d3 29. cxd3 Rxd3 30. b5 Ka8 31. Nc6 Bc5 32. Rxc7 Qxc7 33.
Qc4 Qd7 34. Qxc5 Rd1 35. Qf8+ Qd8 36. Nxd8 Kb8 37. Rxd1 Nxd1 38. Nc6+ Kc7 39. Qd8+ Kb7 40. Qb8# 1-0

[Event "Early-Titled-Tuesday-Blitz-October-24-2023"]
[Site "Chess.com"]
[Date "2023.10.24"]
[Round "1"]
[White "Balla_Tamas"]
[Black "RETURNOFTHELAGGER"]
[Result "1-0"]
[WhiteElo "2374"]
[BlackElo "2663"]
[TimeControl "180+1"]
[EndTime "8:06:39 PDT"]
[Termination "Balla_Tamas won by checkmate"]

1. e4 c5 2. Nf3 d6 3. d4 cxd4 4. Nxd4 Nf6 5. Nc3 a6 6. f3 e5 7. Nb3 h5 8. Be3 Be6 9. Qd2 Nbd7 10. O-O-O Be7 11. Kb1 b5 12. Nd5 Bxd5 13. exd5 Nb6 14. Bxb6 Qxb6 15. Bd3 a5 16. Qe2 Rb8 17. Bf5 g6 18.
Bh3 a4 19. Nd2 O-O 20. Ne4 b4 21. g4 b3 22. cxb3 axb3 23. a3 Rfc8 24. gxh5 Rc2 25.
Nxf6+ Bxf6 26. Rd2 e4 27. hxg6 Bxb2 28. gxf7+ Kf8 29.
Qxe4 Rxd2 30. Qh7 Be5 31. Qg8+ Ke7 32. f8=Q+ Rxf8 33. Qe6+ Kd8 34. Qd7# 1-0

[Event "Early-Titled-Tuesday-Blitz-October-24-2023"]
[Site "Chess.com"]
[Date "2023.10.24"]
[Round "1"]
[White "mr_gustavo"]
[Black "giomar27"]
[Result "1-0"]
[WhiteElo "2671"]
[BlackElo "2355"]
[TimeControl "180+1"]
[EndTime "8:06:40 PDT"]
[Termination "mr_gustavo won by checkmate"]

1. Nf3 Nf6 2. b3 d5 3. Bb2 c5 4. g3 Nc6 5. Bg2 g6 6. O-O Bg7 7. d4 cxd4 8. Nxd4 O-O 9. Nd2 Re8 10. Nxc6 bxc6 11. Nf3 a5 12. c4 Ba6 13. Ne5 Rc8 14.
Rc1 Qb6 15. cxd5 cxd5 16. Bxd5 e6 17. Bc4 Red8 18. Qe1 Bb7 19. Nf3 a4 20. Ba1 axb3 21. axb3 Ra8 22. Be5 Rd7 23. Ra1 Rad8 24. Qc3 Ne4 25. Qb2 f6 26. Bf4 Kh8 27. Qc2 e5 28. Be3 Qc6 29. Rfd1 f5 30. Rxd7 Rxd7 31. Rd1 Nd6 32.
Qd2 Bc8 33. Bd5 Qc7 34. Ng5 h6 35. Ne6 Qb8 36. Bxh6 Ne4 37. Bxg7+ Rxg7 38. Qh6+ Rh7 39. Qf8# 1-0

[Event "Early-Titled-Tuesday-Blitz-October-24-2023"]
[Site "Chess.com"]
[Date "2023.10.24"]
[Round "1"]
[White "OPQRC"]
[Black "BeautiFullMindChess"]
[Result "1-0"]
[WhiteElo "2592"]
[BlackElo "2262"]
[TimeControl "180+1"]
[EndTime "8:06:40 PDT"]
[Termination "OPQRC won on time"]

1. e4 d5 2. exd5 Qxd5 3. Nc3 Qa5 4. Bc4 Nf6 5. d3 e5 6. Bd2 Bb4 7. a3 Bxc3 8. Bxc3 Qc5 9. Qe2 Nc6 10. Nf3 O-O 11.
h3 Re8 12. Ng5 Re7 13. O-O-O h6 14. Ne4 Nxe4 15. Qxe4 Be6 16. Kb1 b5 17. Bxe6 Rxe6 18. f4 exf4 19. Qxf4 a5 20. Rhf1 Rf8 21. Rde1 Rxe1+ 22. Rxe1 b4 23. axb4 axb4 24. Be5 b3 25. cxb3 Nb4 26.
Bc3 Nxd3 27. Qg3 Qxc3 28. bxc3 1-0

[Event "Early-Titled-Tuesday-Blitz-October-24-2023"]
[Site "Chess.com"]
[Date "2023.10.24"]
[Round "1"]
[White "eljanov"]
[Black "verrbaa"]
[Result "1-0"]
[WhiteElo "2822"]
[BlackElo "2452"]
[TimeControl "180+1"]
[EndTime "8:06:41 PDT"]
[Termination "eljanov won by resignation"]

1. c4 Nf6 2. Nc3 g6 3. e4 d6 4. d4 Bg7 5. Be2 O-O 6. Be3 e5 7. d5 c6 8. Nf3 a6 9. O-O cxd5 10. cxd5 b5 11. Nd2 Nbd7 12. b4 Nb6 13. a4 bxa4 14.
Nxa4 Nxa4 15. Rxa4 Nd7 16. Nc4 Qc7 17. Qd3 Rb8 18. Rc1 Bb7 19. Nxe5 Nxe5 20. Rxc7 Nxd3 21.
Bxd3 Rfc8 22. Rxc8+ Bxc8 23. f3 Bc3 24. Bxa6 Bd7 25. b5 Bxb5 26. Bxb5 Rxb5 27. Bf4 Bb4 28. h4 h5 29. Ra6 Bc5+ 30. Kh2 Rb2 31. Bxd6 Bd4 32.
Ra4 Bc3 33. Rc4 Bf6 34. Kg3 Rd2 35. Bf4 Kg7 36. Bxd2 1-0

[Event "Early-Titled-Tuesday-Blitz-October-24-2023"]
[Site "Chess.com"]
[Date "2023.10.24"]
[Round "1"]
[White "ChessBliss09"]
[Black "MasterKroket"]
[Result "0-1"]
[WhiteElo "2030"]
[BlackElo "2533"]
[TimeControl "180+1"]
[EndTime "8:06:41 PDT"]
[Termination "MasterKroket won by checkmate"]

1. e4 e5 2. Nf3 Nc6 3. Bc4 Bc5 4.
O-O Nf6 5. d3 h6 6. c3 d6 7. b4 Bb6 8. a4 a5 9. b5 Ne7 10. Be3 Bxe3 11. fxe3 c6 12. Nbd2 d5 13. exd5 cxd5 14. Bb3 Qc7 15. c4 e4 16. dxe4 dxe4 17. Nd4 Ng4 18. Rf4 Nxe3 19. Qe2 Qxf4 20. g3 Qe5 21. Qxe3 Nf5 22. N2f3 Nxe3 23. Nxe5 Ng4 24. Nxg4 Bxg4 25. c5 Rd8 26. Nc2 Rd2 27. Rf1 Bf3 28. Ne3 Rd3 29. Bxf7+ Kxf7 30. Kf2 Rd2+ 31. Ke1 Re2+ 32. Kd1 Rd8+ 33. Kc1 Rxe3 34. c6 bxc6 35. bxc6 Rc8 36. Kb2 Rxc6 37. Ka2 Rc2+ 38. Kb1 Rxh2 39. Ka1 Ree2 40. Kb1 Ra2 41. Rd1 Bxd1 42. Kc1 Bg4 43. Kb1 Rag2 44. Kc1 Rh1# 0-1

[Event "Early-Titled-Tuesday-Blitz-October-24-2023"]
[Site "Chess.com"]
[Date "2023.10.24"]
[Round "1"]
[White "faraone99"]
[Black "IsaqueGoncalvesSanto"]
[Result "0-1"]
[WhiteElo "2468"]
[BlackElo "1824"]
[TimeControl "180+1"]
[EndTime "8:06:42 PDT"]
[Termination "IsaqueGoncalvesSanto won by checkmate"]

1. e4 e6 2. d4 d5 3. Nc3 Bb4 4. e5 Qd7 5. Qg4 f5 6. Qg3 b6 7. Ne2 Ba6 8. a3 Bf8 9. h4 Nc6 10. b4 Nce7 11. b5 Bxb5 12. Nxb5 Qxb5 13. Nf4 Qd7 14. c4 O-O-O 15. Be3 Kb8 16. cxd5 Nxd5 17.
Nxd5 Qxd5 18. Be2 Ne7 19. O-O Ng6 20. Rfd1 Be7 21. h5 Nh4 22. Rdc1 g5 23. Bc4 Qd7 24.
Bxg5 Rdg8 25. f4 h6 26. Qxh4 hxg5 27. Qf2 gxf4 28. Rd1 Rxh5 29. d5 Rgh8 30. Kf1 Qa4 31. Bd3 Bc5 32. Qc2 Qd4 33. Re1 Rh1+ 34. Ke2 Qf2+ 35.
Kd1 Rxe1# 0-1

[Event "Early-Titled-Tuesday-Blitz-October-24-2023"]
[Site "Chess.com"]
[Date "2023.10.24"]
[Round "1"]
[White "carloseduar100"]
[Black "SashaKuzhilniy"]
[Result "0-1"]
[WhiteElo "2326"]
[BlackElo "2643"]
[TimeControl "180+1"]
[EndTime "8:06:43 PDT"]
[Termination "SashaKuzhilniy won on time"]

1. e4 g6 2. Nf3 Bg7 3. d4 d6 4. c3 Nf6 5. Bd3 O-O 6. O-O Nc6 7.
h3 e5 8. Re1 a6 9. a3 Re8 10. Nbd2 exd4 11. cxd4 Nd7 12. Nb3 a5 13. Be3 a4 14. Nbd2 h6 15. Nf1 Qf6 16. Rc1 Nb6 17. g3 Bxh3 18. N1h2 Qd8 19. Qd2 Kh7 20. g4 Na5 21. Rc3 d5 22. e5 Nbc4 23. Qc1 Nb3 24.
Qd1 Qd7 25. g5 h5 26. Nh4 Bg4 27. f3 Be6 28. Bc1 Nxd4 29. Bxg6+ fxg6 30. Qxd4 Bf5 31. Nxf5 Qxf5 32. Qxd5 Rxe5 33. Qxc4 Rxe1+ 34. Kf2 Rae8 35. Re3 Rxc1 0-1

[Event "Early-Titled-Tuesday-Blitz-October-24-2023"]
[Site "Chess.com"]
[Date "2023.10.24"]
[Round "1"]
[White "sjoerd893"]
[Black "shimastream"]
[Result "0-1"]
[WhiteElo "2511"]
[BlackElo "2989"]
[TimeControl "180+1"]
[EndTime "8:06:44 PDT"]
[Termination "shimastream won by resignation"]

1. e4 e5 2. Nf3 Nc6 3. Bc4 Bc5 4. c3 Nf6 5. d3 d6 6. Nbd2 a6 7. Bb3 h6 8. Nf1 Ba7 9. Ng3 O-O 10. O-O Be6 11. Bc2 d5 12. Qe2 Re8 13. b3 d4 14.
Bb2 Bg4 15. c4 b5 16. h3 Be6 17. Nh4 Rb8 18. Bc1 Bc5 19. Nhf5 Bf8 20. a4 bxc4 21. bxc4 a5 22. Qf3 Kh8 23. Bd1 Nd7 24. Ba3 Bxa3 25. Rxa3 Qf6 26. Nh5 Qg5 27. Nhxg7 Rg8 28. Nxe6 fxe6 29.
Ng3 Rbf8 30. Qh5 Qf6 31. Ra2 Rxg3 32. fxg3 Qxf1+ 33. Kh2 Qf6 34. Rf2 Qg7 35. Bf3 Qg5 36. Qxg5 hxg5 37. Rb2 Rb8 0-1

[Event "Early-Titled-Tuesday-Blitz-October-24-2023"]
[Site "Chess.com"]
[Date "2023.10.24"]
[Round "1"]
[White "Akylbek2021"]
[Black "LeoLV10"]
[Result "0-1"]
[WhiteElo "2257"]
[BlackElo "2589"]
[TimeControl "180+1"]
[EndTime "8:06:44 PDT"]
[Termination "LeoLV10 won by resignation"]

1. e4 c5 2. Nf3 e6 3. d4 cxd4 4. c3 a6 5. cxd4 d5 6. e5 Nc6 7. Nc3 Bd7 8. Bd3 Qb6 9. Bb1 Rc8 10. a3 Na5 11. Bc2 Nc4 12. Na4 Qa5+ 13. b4 Qc7 14.
O-O b6 15. Bg5 Be7 16. Bxe7 Nxe7 17. Rc1 Bxa4 18. Bxa4+ b5 19. Bb3 Qb6 20. a4 O-O 21. a5 Qb7 22. Qd3 Nc6 23. Bxc4 bxc4 24. Qc3 Qxb4 25. Qxb4 Nxb4 26. Rb1 Rb8 27. Nd2 Nc6 28.
Rb6 Nxa5 29. Rxa6 Nb3 30. Nxb3 Rxb3 31. Rfa1 g6 32. Rc6 Rd3 33. Ra7 Rxd4 34. Kf1 Re4 35. f3 Rxe5 36. Rcc7 Re3 37. Kf2 Rb3 38. Rc6 c3 39.
Rac7 d4 40. Rc4 e5 41. f4 Rb2+ 42. Kf3 Rd8 43. fxe5 d3 44. R7c6 d2 0-1

[Event "Early-Titled-Tuesday-Blitz-October-24-2023"]
[Site "Chess.com"]
[Date "2023.10.24"]
[Round "1"]
[White "ajedrez-facil"]
[Black "BigAl"]
[Result "0-1"]
[WhiteElo "2219"]
[BlackElo "2573"]
[TimeControl "180+1"]
[EndTime "8:06:44 PDT"]
[Termination "BigAl won by resignation"]

1. e4 c6 2. d4 d5 3. exd5 cxd5 4.
Bd3 Nc6 5. Nf3 Bg4 6. c3 e6 7.
Bf4 Bd6 8. Bxd6 Qxd6 9. Nbd2 Nge7 10. h3 Bh5 11. Rc1 Bg6 12. Nf1 Nf5 13. Ne3 Nxe3 14.
fxe3 Qg3+ 15. Kf1 O-O 16. Bc2 Bh5 17. Qe1 Qd6 18. Qh4 Bg6 19. Ke2 Bxc2 20. Rxc2 Ne7 21. Rf1 Nf5 22. Qf2 Ng3+ 23. Ke1 Nxf1 24. Kxf1 Qa6+ 25. Qe2 Qxa2 26. Ne5 f6 27. Nd7 Rf7 28. Nc5 Qa5 29. Nxe6 Re8 30. Nf4 Re4 31. b4 Qd8 32. Kf2 Rfe7 33. c4 Rxe3 34. Qxe3 Rxe3 35. Kxe3 Qe7+ 36.
Kd3 Qe4+ 0-1

[Event "Early-Titled-Tuesday-Blitz-October-24-2023"]
[Site "Chess.com"]
[Date "2023.10.24"]
[Round "1"]
[White "Savagelittlemole"]
[Black "Jospem"]
[Result "0-1"]
[WhiteElo "2521"]
[BlackElo "3134"]
[TimeControl "180+1"]
[EndTime "8:06:46 PDT"]
[Termination "Jospem won on time"]

1. e4 c5 2. Nf3 d6 3. Bb5+ Nd7 4. O-O a6 5. Bd3 Ngf6 6. Re1 e6 7. c3 b6 8. Bc2 Bb7 9. d4 Qc7 10.
Bf4 Be7 11. Nbd2 e5 12. Bg3 b5 13. Nf1 O-O 14. d5 c4 15. Ne3 g6 16. Bh4 Nc5 17. Nd2 Rac8 18. Ng4 Nh5 19. Nf3 Bxh4 20. Nxh4 Qe7 21. g3 Kh8 22. Ne3 Ng7 23. Neg2 Rb8 24. f4 Bc8 25. f5 Ne8 26. Qe2 Rg8 27. Rf1 Nf6 28. fxg6 fxg6 29. Rae1 Rf8 30. Qd2 Kg8 31. Qg5 Qg7 32. Rf2 Rb7 33. Ref1 Rbf7 34. Qe3 Bh3 35.
Qe2 a5 36. a3 Bg4 37. Qe3 Bc8 38. Qe2 Bd7 39. a4 bxa4 40. Qxc4 Ng4 41. Rxf7 Rxf7 42.
Rxf7 Qxf7 43. Qe2 Qe7 44. Nf3 Qd8 45. h3 Nf6 46. g4 Qb6 47. Kh2 Qxb2 48. Qd2 a3 49.
Qg5 Kf7 50. Bd1 Qxc3 51. Qh6 Ncxe4 52. Ng5+ Nxg5 53. Qxg5 a2 54. Nh4 a1=Q 0-1

[Event "Early-Titled-Tuesday-Blitz-October-24-2023"]
[Site "Chess.com"]
[Date "2023.10.24"]
[Round "1"]
[White "Doomfist26"]
[Black "Resignify"]
[Result "1-0"]
[WhiteElo "2624"]
[BlackElo "2307"]
[TimeControl "180+1"]
[EndTime "8:06:46 PDT"]
[Termination "Doomfist26 won on time"]

1. e4 d6 2. d4 Nf6 3. Nc3 g6 4. Nf3 Bg7 5. h4 Bg4 6. Be2 a6 7. Be3 Nbd7 8. a4 h6 9. e5 dxe5 10. dxe5 Nh5 11. e6 Bxe6 12. Nd4 Nc5 13. Nxe6 Qxd1+ 14. Rxd1 Nxe6 15. Bf3 c6 16. a5 Rd8 17. O-O Nhf4 18.
Na4 Nd5 19. Bd2 O-O 20. c4 Nf6 21. b4 Nd4 22. Nc5 Nxf3+ 23. gxf3 Rb8 24. Bf4 Rbd8 25. Nxb7 Rxd1 26. Rxd1 Nh5 27. Be3 Rb8 28. Rd8+ Rxd8 29.
Nxd8 Bf6 30. Nxc6 Bxh4 31. b5 axb5 32. a6 bxc4 33. a7 1-0

[Event "Early-Titled-Tuesday-Blitz-October-24-2023"]
[Site "Chess.com"]
[Date "2023.10.24"]
[Round "1"]
[White "MFatigue"]
[Black "mitrabhaa"]
[Result "1-0"]
[WhiteElo "2486"]
[BlackElo "2849"]
[TimeControl "180+1"]
[EndTime "8:06:47 PDT"]
[Termination "MFatigue won on time"]

1. e4 c6 2. Bc4 d5 3. Bb3 dxe4 4.
Qh5 g6 5. Qh4 Nf6 6. Nc3 Bg7 7.
Nxe4 O-O 8. Nf3 Nbd7 9. d4 Nxe4 10. Qxe4 Nf6 11. Qe2 Bg4 12. c3 a5 13. a4 e6 14. h3 Bxf3 15. Qxf3 Nd5 16. O-O Qb6 17. Bc2 Rad8 18. Bg5 Rd7 19. Rab1 h6 20. Bh4 Kh7 21. Rfe1 c5 22. dxc5 Qxc5 23. Bd3 Nc7 24. Rbd1 Rd5 25. Be4 Rxd1 26. Rxd1 b6 27. Rd7 b5 28. Be7 Qe5 29. Bxf8 Bxf8 30. Qxf7+ Bg7 31. Bxg6+ Kh8 32. Rd8+ 1-0

[Event "Early-Titled-Tuesday-Blitz-October-24-2023"]
[Site "Chess.com"]
[Date "2023.10.24"]
[Round "1"]
[White "THE_PLAYER6"]
[Black "GMJustin"]
[Result "1-0"]
[WhiteElo "2563"]
[BlackElo "2207"]
[TimeControl "180+1"]
[EndTime "8:06:47 PDT"]
[Termination "THE_PLAYER6 won on time"]

1. Nf3 c5 2. c4 Nc6 3. Nc3 Nd4 4. e3 Nxf3+ 5. Qxf3 g6 6. Be2 Bg7 7. O-O d6 8. b3 Bxc3 9. dxc3 Nf6 10. h3 O-O 11. e4 Bd7 12. Bh6 Re8 13. Rfd1 Bc6 14.
Bd3 Nd7 15. Qg3 Ne5 16. Be2 Bxe4 17. Rd2 f6 18. Re1 Bc6 19. h4 Nf7 20. Be3 Kg7 21. Bxc5 e5 22. Ba3 Qc7 23. Red1 Rad8 24. h5 Ng5 25.
hxg6 hxg6 26. Bxd6 Rxd6 27. Rxd6 Ne4 28. Qd3 Nxd6 29. Qxd6 Qxd6 30. Rxd6 Kf7 31. c5 Ke7 32. b4 Rd8 33. Rxd8 Kxd8 34. Bc4 Ke7 35. f3 f5 36. Kf2 g5 37. g3 Kf6 38. Ke3 Bd7 39.
Bd5 Bc8 40. f4 exf4+ 41. gxf4 g4 42. Kf2 Ke7 43. Kg3 Kf6 44. a4 1-0

[Event "Early-Titled-Tuesday-Blitz-October-24-2023"]
[Site "Chess.com"]
[Date "2023.10.24"]
[Round "1"]
[White "toniv1"]
[Black "Aygehovit1992"]
[Result "0-1"]
[WhiteElo "2346"]
[BlackElo "2659"]
[TimeControl "180+1"]
[EndTime "8:06:49 PDT"]
[Termination "Aygehovit1992 won by resignation"]

1. Nf3 Nf6 2. g3 g6 3. Bg2 Bg7 4. O-O O-O 5. d4 d6 6. c4 c6 7. Nc3 Bf5 8. Re1 Ne4 9. Nxe4 Bxe4 10. Qb3 Qb6 11. Be3 d5 12. c5 Qxb3 13. axb3 Na6 14.
Ra4 Nc7 15. Bd2 Nb5 16. e3 f6 17. b4 e5 18. Bc3 Rae8 19. Raa1 a6 20. Nd2 Bxg2 21.
Kxg2 exd4 22. Bxd4 f5 23. Nb3 Re4 24. f3 Re7 25. Kf2 Rfe8 26. Rad1 g5 27. h4 g4 28.
f4 Re4 29. Bxg7 Rxb4 30. Nd4 Kxg7 31. Nxf5+ Kg6 32. Nd6 Rxb2+ 33. Kf1 Nxd6 34. cxd6 Rd8 35. e4 Rxd6 36. exd5 cxd5 37. Re7 a5 38. Rde1 Rc6 39. Rd7 a4 40. Rxd5 a3 41. h5+ Kh6 42. Re7 Rc1+ 0-1

[Event "Early-Titled-Tuesday-Blitz-October-24-2023"]
[Site "Chess.com"]
[Date "2023.10.24"]
[Round "1"]
[White "Zhigalko_Sergei"]
[Black "Lady_Nika"]
[Result "1-0"]
[WhiteElo "2950"]
[BlackElo "2503"]
[TimeControl "180+1"]
[EndTime "8:06:50 PDT"]
[Termination "Zhigalko_Sergei won on time"]

1. e4 c6 2. d4 d5 3. e5 Bf5 4.
Nf3 e6 5. Be2 Ne7 6. O-O a6 7.
Nbd2 h6 8. Nb3 Nd7 9. a4 Bh7 10. a5 Nf5 11. c4 Be7 12. Re1 O-O 13. Bd2 Re8 14. c5 f6 15. g4 fxe5 16. gxf5 exf5 17.
Nxe5 Nxe5 18. dxe5 Bh4 19. Bd3 Re7 20. Qh5 Rf7 21.
Nd4 Qe7 22. b4 g6 23. Qxh6 f4 24. e6 Rg7 25. Bxf4 Qf6 26. Nf3 Bxf2+ 27. Kxf2 Rf8 28.
e7 Rxe7 29. Rxe7 Qxe7 30. Bxg6 1-0

[Event "Early-Titled-Tuesday-Blitz-October-24-2023"]
[Site "Chess.com"]
[Date "2023.10.24"]
[Round "1"]
[White "SargissyanSargis"]
[Black "vasblesk"]
[Result "0-1"]
[WhiteElo "2410"]
[BlackElo "2767"]
[TimeControl "180+1"]
[EndTime "8:06:50 PDT"]
[Termination "vasblesk won on time"]

1. e4 c5 2. Nf3 g6 3. c3 Bg7 4. d4 cxd4 5. cxd4 d5 6. e5 Nh6 7.
Be2 O-O 8. O-O Bg4 9. Nbd2 Nc6 10. h3 Bxf3 11. Nxf3 e6 12. Bg5 Qb6 13. Qd2 Nf5 14.
Rfd1 f6 15. exf6 Bxf6 16. Bxf6 Rxf6 17. Qc3 Raf8 18. Qc5 Qxb2 19. Bf1 Nfxd4 20. Nxd4 Qxf2+ 21. Kh1 Nxd4 22. Rxd4 Rf4 23. Rxd5 exd5 24. Qxd5+ Kh8 25. Qe5+ R4f6 26. Bc4 Qf4 27. Qc3 Qc7 28. Rf1 Qg7 29.
Rxf6 Qxf6 30. Qb3 Re8 31. Bd5 Qf1+ 32. Kh2 Qf4+ 33. g3 Qd2+ 34. Bg2 Qd7 35. Qxb7 Qxb7 36. Bxb7 Re2+ 37. Kg1 Rxa2 0-1

[Event "Early-Titled-Tuesday-Blitz-October-24-2023"]
[Site "Chess.com"]
[Date "2023.10.24"]
[Round "1"]
[White "Happy1712Drummer"]
[Black "Yeremyan_ChessMate"]
[Result "0-1"]
[WhiteElo "2405"]
[BlackElo "2752"]
[TimeControl "180+1"]
[EndTime "8:06:50 PDT"]
[Termination "Yeremyan_ChessMate won by checkmate"]

1. e4 c5 2. Nf3 Nc6 3. Bb5 e6 4. O-O Nge7 5. Re1 a6 6. Bf1 d5 7. exd5 Nxd5 8. d4 Nf6 9. Be3 cxd4 10. Nxd4 Bd7 11. Nd2 Be7 12. a4 O-O 13. Nc4 Nd5 14.
Nxc6 Bxc6 15. Bd4 Bf6 16. Ne5 Bxe5 17. Bxe5 Qg5 18. Bg3 Rad8 19. h4 Qf6 20. Qg4 Qf5 21. Qxf5 exf5 22. Be5 Rfe8 23. c3 h6 24. a5 Re6 25. Bd4 Rde8 26. Rxe6 fxe6 27. Re1 Kf7 28. Bc4 g5 29. hxg5 hxg5 30. f3 Nf4 31. Kf2 Bd5 32. Bxd5 Nxd5 33. Rh1 e5 34. Bc5 Kg6 35. Rd1 Nf4 36.
Rd6+ Kf7 37. Rd7+ Kf6 38. b4 e4 39. fxe4 fxe4 40. Rxb7 Nd5 41. Bd4+ Kg6 42. g3 e3+ 43.
Ke2 Rf8 44. Rd7 Rf5 45. Rd6+ Kh5 46. Rxa6 Rf2+ 47. Ke1 Kg4 48. Re6 Kf3 49. Rf6+ Nxf6 50. Bxf6 Rc2 51. Kd1 Rg2 52. Bd4 Ke4 53. a6 Kd3 54. Kc1 e2 55. a7 e1=Q# 0-1

[Event "Early-Titled-Tuesday-Blitz-October-24-2023"]
[Site "Chess.com"]
[Date "2023.10.24"]
[Round "1"]
[White "gueraumasague"]
[Black "ContrVersia"]
[Result "0-1"]
[WhiteElo "2493"]
[BlackElo "2914"]
[TimeControl "180+1"]
[EndTime "8:06:51 PDT"]
[Termination "ContrVersia won by resignation"]

1. e4 c5 2. Nc3 a6 3. g3 b5 4. Bg2 Bb7 5. d3 g6 6. Be3 d6 7. Qd2 Nc6 8. h4 Nf6 9. f3 Bg7 10. Nge2 h5 11. O-O e5 12. Bg5 Nd4 13.
f4 b4 14. Nd5 Bxd5 15. Nxd4 exd4 16. exd5 O-O 17. f5 Qd7 18. Rae1 Rae8 19. Bxf6 Bxf6 20.
Be4 Kg7 21. Qg2 Rh8 22. Re2 g5 23. hxg5 Bxg5 24. f6+ Bxf6 25. Rf5 Re5 26. Ref2 Rxf5 27. Rxf5 Qe7 28. Qf3 h4 29. g4 Bg5 30. Qh3 f6 31.
Kf2 a5 32. Ke2 a4 33. Kd1 b3 34. cxb3 axb3 35. a3 c4 36. Qf3 c3 0-1